 Dungeon Crawl Stone Soup version bcrawl-1.14 (webtiles) character file.

Game seed: 2204303381144395059

95 MordorOrchid the Ruffian (level 4, -10/36 HPs)
             Began as an Oni Sloth Apostle on Sept 7, 2019.
             Was a Follower of Cheibriados.
             Killed by divine providence
             ... invoked by an orc priest
              (15 damage)
             ... on level 3 of the Dungeon.
             The game lasted 00:05:29 (2049 turns).

MordorOrchid the Ruffian (Oni Sloth Apostle)        Turns: 2049, Time: 00:05:29

Health: -10/36     AC:  6    Str: 18    XL:     4   Next: 66%
Magic:  7/7        EV:  8    Int: 15    God:    Cheibriados [*.....]
Gold:   200        SH:  8    Dex: 13    Spells: 4/5 levels left

rFire    . . .     SeeInvis .     - Unarmed
rCold    . . .     Gourm    .   b - +0 shield
rNeg     . . .     Faith    .   r - +0 ring mail
rPois    .         Spirit   .   (helmet restricted)
rElec    .         Reflect  .   m - +0 cloak
rCorr    .         Harm     .   (no gloves)
MR       .....                  (no boots)
Stlth    +.........             (no amulet)
HPRegen  0.12/turn              (no ring)
MPRegen  0.10/turn              (no ring)

@: hasted, quick
A: oni magic, claws 1, fangs 1, horns 1
a: Bend Time, Renounce Religion


You were on level 3 of the Dungeon.
You worshipped Cheibriados.
Cheibriados was aware of your devotion.
You were not hungry.

You visited 1 branch of the dungeon, and saw 3 of its levels.

You collected 200 gold pieces.

Inventory:

Hand Weapons
 j - a +0 hunting sling
Missiles
 g - 60 javelins (quivered)
 l - 203 arrows
 o - 437 stones
Armour
 a - a +0 animal skin
 b - a +0 shield (worn)
 m - a +0 cloak (worn)
 r - a +0 ring mail (worn)
Wands
 c - a wand of paralysis (10)
Scrolls
 e - 2 scrolls of remove curse {unknown}
 f - 2 scrolls of enchant armour {unknown}
 h - a scroll of fear {unknown}
 p - a scroll of blinking {unknown}
 q - 2 scrolls of amnesia {unknown}
Comestibles
 d - 6 rations {!d}
 s - a chunk of flesh


   Skills:
 - Level 2.0 Fighting
 * Level 1.2 Armour
 * Level 1.2 Dodging
 - Level 2.8 Stealth
 - Level 1.7 Shields
 + Level 3.5 Unarmed Combat
 - Level 1.0 Spellcasting
 * Level 1.4 Invocations
 - Level 1.0 Evocations


You had 4 spell levels left.
You knew the following spells:

 Your Spells              Type           Power        Failure   Level  Hunger
a - Slow                  Hex            #.......     83%         1    ##.....

Your spell library contained the following spells:

 Spells                   Type           Power        Failure   Level  Hunger
 Magic Dart               Conj           #...         83%         1    ##.....
 Searing Ray              Conj           #.....       92%         2    ###....


Dungeon Overview and Level Annotations

Branches:
Dungeon (3/12)

Altars:
Gozag


Innate Abilities, Weirdness & Mutations

You learn spells by gaining experience, not through books or religion.
You only train spellcasting to practice magic.
You have sharp fingernails.
You have very sharp teeth.
You have a pair of small horns on your head.


Message History

You scratch the orc priest.
The orc priest is lightly wounded.
You block the orc's attack.
The orc priest calls upon Beogh to heal the orc.
The orc's wounds heal themselves!
You scratch the orc priest.
The orc priest is moderately wounded.
You claw the orc priest! Your headbutt misses the orc priest.
The orc priest is severely wounded.
You block the orc's attack.
You scratch the orc priest. Your bite misses the orc priest.
The orc priest is almost dead.
The orc priest hits you but does no damage.
The orc hits you but does no damage.
You closely miss the orc priest. Your headbutt misses the orc priest.
Your bite misses the orc priest.
The orc priest is almost dead.
The orc priest invokes the aid of Beogh against you.
Beogh smites you!
You die...

... #.# #o# #o# #o# #o#
#.####### #### ###o##....##
...# ####@oo...._..#
#........o#.###....# #
##..#####..#.# #.##.#
#.###............###.##.###
#.......# ###...............
#.......#####......#.######.
#.......†..).........#
#..........#####.#####
.......####..## #.#


You could see an orc priest and 3 orcs.

Vanquished Creatures
  An adder (D:3)
  4 gnolls (D:2)
  2 worms
  2 leopard geckos (D:2)
  3 orcs
  A giant cockroach (D:1)
  4 hobgoblins
  4 jackals (D:2)
  6 kobolds
  3 bats (D:2)
  A frilled lizard (D:2)
  2 goblins
  4 rats
37 creatures vanquished.

Notes
Turn   | Place    | Note
-------+----------+-------------------------------------------
     0 | D:1      | MordorOrchid the Oni Sloth Apostle began the quest for the
                  | Orb.
     0 | D:1      | Reached XP level 1. HP: 17/17 MP: 4/4
     6 | D:1      | Noticed a crocodile
     6 | D:1      | Noticed a wolf
     6 | D:1      | Noticed a seven-headed hydra
     7 | D:1      | Noticed a polar bear
   518 | D:1      | Reached XP level 2. HP: 22/24 MP: 5/5
  1178 | D:2      | Reached XP level 3. HP: 20/29 MP: 6/6
  1439 | D:2      | Reached * piety under Cheibriados
  1507 | D:2      | Reached skill level 1 in Armour
  1507 | D:2      | Reached skill level 3 in Unarmed Combat
  1507 | D:2      | Reached skill level 1 in Invocations
  1511 | D:2      | Reached skill level 1 in Dodging
  1515 | D:2      | Reached XP level 4. HP: 11/36 MP: 7/7
  1996 | D:3      | Found an opulent altar of Gozag.
  2049 | D:3      | Killed from afar by an orc priest

Skill      XL: |  1  2  3 |
---------------+----------+-----
Armour         | 1 |  1.2
Unarmed Combat | 3 |  3.5
Invocations    | 1 |  1.4
Dodging        | 1 |  1.2
Fighting       | |  2.0
Stealth        | |  2.8
Shields        | |  1.7
Spellcasting   | |  1.0
Evocations     | |  1.0

Action                   |  1- 3 |  4- 6 || total
-------------------------+-------+-------++-------
Melee: Unarmed           |   107 |    36 ||   143
       Headbutt          |    13 |     5 ||    18
       Bite              |    10 |     2 ||    12
Throw: Javelin           |       |     6 ||     6
  Use: Potion            |     1 |     3 ||     4
 Stab: Sleeping          |     5 |       ||     5
  Eat: Chunk             |     3 |     1 ||     4
Armor: Animal skin       |    20 |     1 ||    21
       Ring mail         |       |     9 ||     9
Dodge: Dodged            |    39 |     7 ||    46
Block: Shield            |    45 |    14 ||    59
